Map: Coda LE (Void)

Players

AgCl

  • Race: Protoss Protoss

MehjEwi - Winner!

  • Race: Protoss Protoss

VOD

Have the link to the VOD?

Description

Time

  • Played on: May 1, 2015, 6:03 p.m.
  • Length: 13:50
Show
View Real Time Build Order
Export as new Build Order

AgCl Protoss 

Build Orders: Oracle Opening, Oracle Opening 

Get SALT Encoding   

  12  0:03  Probe  
  13  0:20  Pylon  
  13  0:22  Probe  
  14  0:38  Probe  
  14  0:41  Gateway  
  14  0:42  Assimilator  
  15  0:50  Probe  
  16  1:03  Probe (Chrono Boost)  
  17  1:06  Assimilator  
  17  1:10  Pylon  
  17  1:15  Probe (Chrono Boost)  
  18  1:24  Probe (Chrono Boost)  
  19  1:32  Probe (Chrono Boost)  
  20  1:35  Cybernetics Core  
  20  1:43  Probe (Chrono Boost)  
  21  1:50  Probe (Chrono Boost)  
  23  2:01  Probe  
  23  2:14  Mothership Core (Chrono Boost)  
  25  2:20  Stargate  
  25  2:28  Warp Gate (Chrono Boost)  
  25  2:32  Nexus  
  25  2:39  Probe  
  26  2:50  Robotics Facility  
  26  2:54  Pylon  
  26  2:56  Probe  
  26  3:15  Oracle (Chrono Boost)  
  29  3:23  Probe  
  30  3:31  Gateway  
  30  3:35  Probe  
  31  3:45  Immortal (Chrono Boost)  
  35  3:48  Probe  
  35  3:50  Probe  
  37  4:03  Pylon  
  37  4:07  Gateway, Probe  
  38  4:19  Observer (Chrono Boost)  
  41  4:24  Probe (Chrono Boost)  
  41  4:27  Probe (Chrono Boost)  
  41  4:31  Gateway  
  41  4:35  Probe (Chrono Boost)  
  41  4:37  Probe (Chrono Boost)  
  43  4:42  Probe (Chrono Boost)  
  43  4:44  Immortal  
  48  4:47  Probe (Chrono Boost)  
  48  4:50  Assimilator  
  49  4:54  Probe (Chrono Boost)  
  49  4:58  Probe (Chrono Boost)  
  51  5:02  Probe (Chrono Boost)  
  51  5:04  Probe (Chrono Boost)  
  53  5:10  Pylon  
  53  5:13  Probe  
  54  5:16  Twilight Council  
  54  5:18  Probe (Chrono Boost)  
  55  5:22  Assimilator  
  55  5:23  Warp Prism (Chrono Boost)  
  55  5:25  Probe (Chrono Boost)  
  60  5:35  Probe (Chrono Boost)  
  60  5:36  Probe (Chrono Boost)  
  60  5:42  Probe x2 (Chrono Boost)  
  62  5:52  Gateway  
  62  5:54  Probe  
  67  5:57  Immortal (Chrono Boost), Forge  
  67  6:02  Dark Shrine  
  67  6:03  Probe  
  68  6:19  Charge (Chrono Boost)  
  68  6:28  Gateway  
  68  6:32  Gateway  
  68  6:35  Pylon  
  68  6:41  Probe x2  
  64  6:57  Probe  
  64  7:00  Photon Cannon  
  61  7:04  Pylon  
  61  7:10  Observer (Chrono Boost)  
  62  7:15  Assimilator  
  62  7:16  Nexus  
  62  7:19  Pylon, Assimilator  
  62  7:20  Phoenix (Chrono Boost)  
  64  7:23  Immortal (Chrono Boost), Pylon  
  64  7:25  Dark Templar x4  
  67  7:41  Dark Templar  
  69  7:52  Void Ray (Chrono Boost)  
  69  7:56  Immortal  
  73  8:05  Dark Templar  
  79  8:07  Probe (Chrono Boost)  
  80  8:16  Protoss Ground Weapons Level 1 (Chrono Boost)  
  80  8:19  Pylon  
  82  8:20  Mothership Core (Chrono Boost), Forge  
  82  8:23  Photon Cannon  
  82  8:26  Probe (Chrono Boost)  
  83  8:33  Immortal, Probe  
  84  8:38  Void Ray (Chrono Boost)  
  92  8:42  Probe  
  93  9:10  Fleet Beacon  
  93  9:14  Protoss Shields Level 1 (Chrono Boost)  
  93  9:15  Cybernetics Core, Pylon  
  93  9:28  Zealot x2  
  93  9:29  Zealot x5  
  91  9:50  Dark Templar x3  
  91  9:51  Dark Templar  
  78  10:01  Carrier (Chrono Boost)  
  78  10:04  Zealot  
  78  10:05  Zealot x2  
  83  10:12  Probe (Chrono Boost)  
  85  10:16  Probe (Chrono Boost)  
  85  10:17  Probe (Chrono Boost)  
  85  10:20  Probe (Chrono Boost)  
  83  10:22  Probe (Chrono Boost)  
  83  10:23  Probe  
  83  10:29  Probe  
  84  10:38  Dark Templar  
  84  10:39  Zealot x3  
  84  10:40  Zealot x2  
  84  10:41  Zealot  
  99  10:51  Probe (Chrono Boost)  
  99  10:54  Probe (Chrono Boost)  
  100  10:59  Photon Cannon, Carrier (Chrono Boost)  
  100  11:00  Photon Cannon  
  100  11:01  Photon Cannon  
  100  11:02  Pylon  
  100  11:04  Probe  
  101  11:16  Stargate  
  107  11:20  Nexus  
  107  11:23  Assimilator  
  107  11:28  Protoss Ground Weapons Level 2 (Chrono Boost), Assimilator  
  107  11:30  Pylon  
  110  11:32  Probe (Chrono Boost)  
  110  11:33  Protoss Air Weapons Level 1 (Chrono Boost)  
  110  11:37  Warp Prism (Chrono Boost)  
  110  11:38  Probe x2 (Chrono Boost)  
  112  11:52  Probe  
  113  11:59  Carrier (Chrono Boost)  
  113  12:01  Photon Cannon  
  111  12:03  Dark Templar x4  
  92  12:47  Dark Templar x2  
  92  12:49  Zealot x2  
  92  12:50  Zealot x2  
  83  13:02  Nexus  
  75  13:22  Zealot x2  
Show
View Real Time Build Order
Export as new Build Order

MehjEwi Protoss - Winner!

Build Orders:  

Get SALT Encoding   

  12  0:01  Probe  
  13  0:14  Pylon  
  13  0:19  Probe  
  14  0:32  Probe (Chrono Boost)  
  14  0:34  Gateway  
  16  0:43  Probe (Chrono Boost)  
  16  0:49  Assimilator  
  17  0:50  Probe (Chrono Boost)  
  17  1:01  Probe (Chrono Boost)  
  18  1:07  Pylon  
  18  1:13  Probe (Chrono Boost)  
  19  1:20  Probe (Chrono Boost)  
  19  1:22  Cybernetics Core  
  20  1:30  Probe  
  21  1:42  Probe  
  22  1:54  Probe  
  22  2:00  Adept (Chrono Boost)  
  22  2:01  Warp Gate  
  25  2:03  Pylon  
  25  2:09  Probe  
  26  2:20  Stalker (Chrono Boost)  
  28  2:23  Nexus  
  28  2:27  Probe  
  29  2:32  Assimilator  
  29  2:42  Stalker  
  31  2:49  Probe  
  32  2:53  Pylon  
  32  3:10  Twilight Council  
  32  3:11  Gateway  
  32  3:14  Probe (Chrono Boost)  
  31  3:20  Gateway  
  31  3:26  Probe (Chrono Boost)  
  34  3:37  Probe (Chrono Boost)  
  34  3:40  Mothership Core (Chrono Boost)  
  36  3:48  Probe (Chrono Boost)  
  36  3:49  Assimilator  
  38  3:55  Probe (Chrono Boost)  
  38  3:59  Probe (Chrono Boost)  
  38  4:03  Blink (Chrono Boost)  
  38  4:09  Probe (Chrono Boost)  
  40  4:15  Probe (Chrono Boost)  
  39  4:18  Probe (Chrono Boost)  
  39  4:21  Stalker  
  39  4:22  Probe (Chrono Boost)  
  43  4:25  Stalker  
  43  4:26  Stalker, Probe  
  48  4:33  Probe (Chrono Boost)  
  48  4:38  Probe (Chrono Boost)  
  50  4:45  Probe (Chrono Boost)  
  51  4:50  Probe (Chrono Boost)  
  51  4:52  Forge  
  53  4:53  Probe (Chrono Boost)  
  53  4:54  Gateway  
  53  4:55  Gateway  
  53  4:56  Probe (Chrono Boost)  
  54  5:02  Probe  
  55  5:07  Probe  
  55  5:11  Pylon  
  56  5:14  Probe  
  56  5:18  Protoss Ground Weapons Level 1 (Chrono Boost)  
  56  5:20  Probe  
  58  5:26  Probe  
  59  5:32  Pylon  
  59  5:35  Probe  
  60  5:43  Probe  
  60  5:47  Probe  
  62  5:51  Pylon  
  62  5:54  Stalker x4  
  62  5:55  Probe  
  71  5:57  Pylon  
  71  5:59  Probe, Pylon  
  71  6:00  Pylon  
  71  6:02  Assimilator  
  72  6:12  Adept, Pylon  
  72  6:13  Pylon  
  72  6:18  Adept x3  
  76  6:19  Templar Archives  
  80  6:25  Probe  
  80  6:26  Probe  
  80  6:29  Pylon  
  82  6:33  Shield Upgrade (Chrono Boost)  
  76  6:47  Stalker x2  
  76  6:48  Stalker x2  
  76  6:50  Protoss Shields Level 1 (Chrono Boost)  
  84  7:02  Adept  
  84  7:06  Nexus  
  86  7:09  Pylon  
  86  7:11  Probe x2  
  86  7:15  Zealot x3  
  91  7:40  Robotics Facility  
  91  7:43  Photon Cannon  
  87  7:45  Photon Cannon  
  87  7:47  Photon Cannon  
  87  7:48  Photon Cannon  
  87  7:53  Photon Cannon  
  87  7:59  High Templar x3  
  87  8:00  High Templar  
  87  8:03  Adept  
  87  8:04  Archon x2  
  97  8:18  Probe  
  97  8:19  Probe  
  99  8:22  Assimilator  
  99  8:24  Probe  
  99  8:25  Assimilator  
  100  8:30  Stalker, Probe  
  100  8:32  Stalker  
  100  8:33  Stalker x3  
  111  8:39  Observer (Chrono Boost)  
  111  8:40  Robotics Bay  
  112  8:51  Gateway  
  112  8:53  Gateway  
  112  8:54  Stalker  
  114  9:06  Pylon  
  114  9:09  High Templar x3  
  120  9:12  Adept  
  122  9:21  Observer (Chrono Boost)  
  122  9:22  Pylon  
  123  9:31  Nexus  
  91  10:05  Stalker x4  
  91  10:06  Stalker  
  97  10:35  Gateway  
  97  10:36  High Templar x2  
  97  10:37  Gateway, High Templar x3  
  97  10:40  Gateway, Zealot x2  
  97  10:41  Archon x2  
  111  10:42  Gateway  
  111  10:44  Charge (Chrono Boost)  
  111  10:48  Protoss Ground Weapons Level 2 (Chrono Boost)  
  111  10:49  Gateway  
  111  10:50  Gateway  
  111  10:52  Gateway  
  111  10:54  Pylon  
  111  11:00  High Templar  
  111  11:01  High Templar  
  112  11:05  Archon  
  112  11:09  High Templar  
  112  11:10  Zealot x4  
  122  11:14  Archon  
  122  11:31  Stalker x3  
  122  11:32  Stalker  
  130  11:45  Gateway  
  130  11:47  Gateway  
  130  11:48  Gateway  
  130  11:50  Nexus  
  130  11:51  Pylon  
  130  11:54  Pylon  
  130  11:55  Gateway  
  126  12:03  Stalker x4  
  126  12:04  Stalker x5  
  141  12:09  Observer Gravitic Boosters  
  141  12:11  Observer (Chrono Boost)  
  141  12:14  Stalker x2  
  141  12:15  Stalker  
  147  12:23  Pylon  
  145  12:31  Pylon  
  145  12:42  Stalker  
  145  12:43  Stalker x4  
  145  12:44  Stalker  
  129  12:53  Observer (Chrono Boost)  
  122  13:09  Observer (Chrono Boost)  
  117  13:16  Photon Cannon  
  117  13:17  High Templar x3  
  117  13:19  Photon Cannon  
  121  13:20  Adept x4  
  121  13:21  Adept  
  121  13:23  Pylon, Archon  
  131  13:32  Pylon  
  133  13:34  Assimilator  
  133  13:39  Assimilator  
Tags
 
Add a new tag
Caveats
  • Supply blocks, unpowered buildings, or Contaminate may cause inaccurate times.
  • Supply counts are checked every 10 seconds.